 Dungeon Crawl Stone Soup version 0.28.0-49-g6dfe1f597d (webtiles) character file.

Game seed: 12464709249533041842

4222 Exodus22XD the Cleaver (level 10, -3/89 (91) HPs)
             Began as a Deep Dwarf Fighter on May 14, 2022.
             Was a Follower of Makhleb.
             Slain by a two-headed ogre
             ... wielding a +0 dire flail
              (10 damage)
             ... on level 8 of the Dungeon.
             The game lasted 00:07:55 (6338 turns).

Exodus22XD the Cleaver (Deep Dwarf Fighter)         Turns: 6338, Time: 00:07:56

HP:   -3/89 (91)    AC: 17    Str: 24    XL:     10   Next: 9%
MP:   6/6           EV:  6    Int:  9    God:    Makhleb [*.....]
Gold: 376           SH:  5    Dex: 12    Spells: 9/9 levels left

rFire   . . .      SeeInvis .   x - +0 war axe (venom)
rCold   . . .      Faith    .   c - +0 buckler
rNeg    + . .      Spirit   .   u - +0 plate armour
rPois   .          Reflect  .   o - +1 helmet "Hunkasch" {rN+}
rElec   .          Harm     .   G - +0 cloak
rCorr   .          Rampage  .   (no gloves)
Will    +....                   (no boots)
Stlth   ..........              (no amulet)
HPRegen 0.00/turn               (no ring)
MPRegen 0.10/turn               (no ring)

@: studying Throwing, lightly drained
A: damage resistance, heal wounds, sense surroundings 2, no regeneration
a: Heal Wounds, Renounce Religion


You were on level 8 of the Dungeon.
You worshipped Makhleb.
Makhleb was aware of your devotion.
You visited 2 branches of the dungeon, and saw 9 of its levels.

You collected 496 gold pieces.
You spent 120 gold pieces at shops.

Inventory:

Hand Weapons
 a - a +0 war axe
 j - a +3 morningstar
 x - a +0 war axe of venom (weapon)
Armour
 c - a +0 buckler (worn)
 o - the +1 helmet "Hunkasch" (worn) {rN+}
   (You found it on level 2 of the Dungeon)

   rN:        It protects you from negative energy.
 u - a +0 plate armour (worn)
 G - a +0 cloak (worn)
Jewellery
 y - the ring of Wikh {rElec rPois rC- rN+++ Int+2}
   (You found it on level 6 of the Dungeon)

   [ring of poison resistance]

   Int:       It affects your intelligence (+2).
   rC:        It makes you vulnerable to cold.
   rElec:     It insulates you from electricity.
   rPois:     It protects you from poison.
   rN:        It renders you almost immune to negative energy.
 A - a ring of protection from cold
Wands
 b - a wand of polymorph (5)
 p - a wand of flame (23)
 z - a wand of charming (10)
 F - a wand of digging (6)
 H - a wand of paralysis (9)
Scrolls
 e - 2 scrolls of enchant armour {unknown}
 i - 3 scrolls of immolation {unknown}
 l - a scroll of enchant weapon {unknown}
 m - 4 scrolls of identify {unknown}
 n - 4 scrolls of fog
 v - a scroll of magic mapping {unknown}
 w - a scroll of vulnerability {unknown}
 C - 2 scrolls of noise {unknown}
 D - a scroll of amnesia {unknown}
Potions
 d - 3 potions of might
 f - a potion of lignification
 g - a potion of attraction {unknown}
 h - 4 potions of heal wounds
 k - 2 potions of brilliance {unknown}
 q - a potion of invisibility {unknown}
 r - a potion of flight {unknown}
 s - 4 potions of curing {unknown}
 t - a potion of mutation {unknown}
 B - a potion of haste
 E - a potion of degeneration {unknown}


   Skills:
 + Level 6.0 Fighting
 + Level 11.4(11.5) Axes
 + Level 1.0(6.7) Maces & Flails
 + Level 7.7 Armour
 + Level 6.4 Shields
 + Level 1.2 Unarmed Combat
 * Level 2.5 Invocations


You had 9 spell levels left.
You didn't know any spells.
Your spell library contained the following spells:

 Spells                   Type           Power      Damage    Failure   Level
 Sandblast                Erth           0%         2d4       100%        1
 Ensorcelled Hibernation  Hex/Ice        0%         N/A       100%        2
 Passwall                 Tmut/Erth      0%         N/A       100%        2
 Confusing Touch          Hex            0%         N/A       100%        3
 Stone Arrow              Conj/Erth      0%         3d7       100%        3
 Swiftness                Air            0%         N/A       100%        3
 Petrify                  Tmut/Erth      0%         N/A       100%        4
 Summon Lightning Spire   Summ/Air       0%         N/A       100%        4
 Fireball                 Conj/Fire      0%         3d3       100%        5
 Iskenderun's Battlesphe  Conj           0%         2d6       100%        5
 Metabolic Englaciation   Hex/Ice        0%         N/A       100%        5
 Yara's Violent Unravell  Hex/Tmut       0%         3d3       100%        5
 Conjure Ball Lightning   Conj/Air       0%         3x3d6     100%        6
 Statue Form              Tmut/Erth      0%         N/A       100%        6
 Enfeeble                 Hex            0%         N/A       100%        7
 Orb of Destruction       Conj           0%         9d5       100%        7
 Storm Form               Tmut/Air       0%         N/A       100%        7
 Maxwell's Capacitive Co  Air            0%         ∞         100%        8
 Shatter                  Erth           0%         3d5*      100%        9


Dungeon Overview and Level Annotations

Branches:
Dungeon (8/15)             Temple (1/1) D:6
   Lair: D:8-11

Altars:
Dithmenos
Elyvilon
Fedhas
Makhleb
Okawaru
Sif Muna
Uskayaw
Wu Jian
Yredelemnul

Shops:
D:1 *   D:6 !   D:8 (


Innate Abilities, Weirdness & Mutations

You are resistant to damage.
You can heal yourself by infusing magical energy.
You passively map the area around you.
You do not regenerate.


Message History

There is an open door here.
You open the large door.
There is a large open door here.
You open the door.
There is an open door here.
You open the door.
A two-headed ogre comes into view.
It is wielding a +0 dire flail and a +0 giant club.
The two-headed ogre shouts in stereo!
You are too injured to fight recklessly!
You are too injured to fight recklessly!
A two-headed ogre is nearby!
You are too injured to fight recklessly!
You are too injured to fight recklessly!
Okay, then.
You feel much better.
You fail to use your ability.
Found 4 gold pieces and a silvery potion.
Found a stone staircase leading up.
There is an open door here.
You slash the two-headed ogre!
The two-headed ogre is poisoned.
The two-headed ogre is lightly wounded.
The two-headed ogre hits you but does no damage. x2
You slash the two-headed ogre!
The two-headed ogre is heavily wounded.
The two-headed ogre hits you with a +0 dire flail!
The two-headed ogre hits you with a +0 giant club!
* * * LOW HITPOINT WARNING * * *
You completely miss the two-headed ogre.
The two-headed ogre is heavily wounded.
You closely miss the two-headed ogre.
The two-headed ogre is heavily wounded.
The two-headed ogre hits you with a +0 dire flail!
* * * LOW HITPOINT WARNING * * *
The two-headed ogre hits you with a +0 giant club!
* * * LOW HITPOINT WARNING * * *
You hit the two-headed ogre.
The two-headed ogre looks as sick as possible!
The two-headed ogre is heavily wounded.
The two-headed ogre hits you with a +0 dire flail!
You die...

* , , , ,* # , ##. ,
..##+## , * * #
...###+#.....# * ,, ..
#......+.....# *...... ,
#......#.....#,, #......
,, #....$.#.....# +......
#......#.....#####......
#......#................
,
#.....O@................
##.....#................
**
#.....#................ *
,......<#................
*
#......######...........
* #......
#...'...........
,8#......
#...#........... #.!....
#...#........... * * ,
#...#.....#####+


You could see a two-headed ogre (extremely poisoned).

Vanquished Creatures
  Grinder (D:3)
  A hornet (D:4)
  Prince Ribbit (D:7)
  A steam dragon (D:6)
  Menkaure (D:7)
  4 water moccasins
  2 orc warriors (D:6)
  A sky beast (D:4)
  An ice beast (D:6)
  3 ogres
  2 black bears (D:7)
  2 centaurs
  A phantom (D:6)
  6 bullfrogs
  A wyvern zombie (D:6)
  A gnoll sergeant (D:6)
  A wyvern skeleton (D:7)
  8 wights (D:8)
  A bullfrog zombie (D:5)
  2 centaur zombies
  3 hounds
  A jelly (D:4)
  3 orc priests
  4 bullfrog skeletons
  2 iguanas
  7 orc wizards
  A scorpion zombie (D:5)
  Natasha (thrice) (D:3)
  2 hound zombies (D:5)
  A howler monkey zombie (D:5)
  6 adders
  5 gnolls (D:6)
  A shadow imp (D:5)
  A white imp (D:5)
  3 adder skeletons
  A worm (D:4)
  A dart slug (D:4)
  25 orcs
  5 bats
  7 endoplasms
  2 giant cockroaches
  14 goblins
  6 hobgoblins
  7 jackals
  2 quokkas (D:3)
  5 ball pythons
  3 frilled lizards (D:1)
  7 kobolds
  6 rats
175 creatures vanquished.

Vanquished Creatures (others)
  2 withered plants (D:5)
2 creatures vanquished.

Grand Total: 177 creatures vanquished

Notes
Turn   | Place    | Note
-------+----------+-------------------------------------------
     0 | D:1      | Exodus22XD the Deep Dwarf Fighter began the quest for the
                  | Orb.
     0 | D:1      | Reached XP level 1. HP: 20/20 MP: 1/1
   189 | D:1      | Reached XP level 2. HP: 21/27 MP: 2/2
   269 | D:1      | Found Yhewev's Assorted Antiques.
   821 | D:2      | Reached XP level 3. HP: 19/34 MP: 3/3
   971 | D:2      | Reached skill level 3 in Axes
  1550 | D:2      | Identified the +1 helmet "Hunkasch" {rN+}
  1615 | D:3      | Noticed Natasha
  1620 | D:3      | Killed Natasha
  1621 | D:3      | Reached XP level 4. HP: 31/42 MP: 4/4
  1629 | D:3      | Noticed Natasha
  1633 | D:3      | Killed Natasha
  1648 | D:3      | Reached skill level 4 in Axes
  1714 | D:3      | Reached XP level 5. HP: 37/49 MP: 5/5
  1744 | D:3      | Noticed Grinder
  1754 | D:3      | Paralysed by Grinder for 4 turns
  1758 | D:3      | Killed Grinder
  1759 | D:3      | Reached skill level 5 in Axes
  1759 | D:3      | Reached skill level 1 in Unarmed Combat
  1759 | D:3      | Reached XP level 6. HP: 24/56 MP: 6/6
  1914 | D:3      | Noticed Natasha
  1921 | D:3      | Killed Natasha
  2579 | D:4      | Noticed a sky beast
  2596 | D:4      | Killed a sky beast
  2597 | D:4      | Reached skill level 6 in Axes
  2597 | D:4      | Reached skill level 1 in Maces & Flails
  2597 | D:4      | Reached XP level 7. HP: 54/62 MP: 5/5
  2975 | D:4      | Found a shimmering blue altar of Sif Muna.
  2975 | D:4      | Noticed a hornet
  2977 | D:4      | Paralysed by a hornet for 2 turns
  2992 | D:4      | Paralysed by a hornet for 1 turns
  2995 | D:4      | Killed a hornet
  2996 | D:4      | Reached skill level 7 in Axes
  2996 | D:4      | Reached skill level 5 in Armour
  3008 | D:4      | Found a hide-covered altar of Uskayaw.
  3397 | D:5      | Entered Level 5 of the Dungeon
  3460 | D:5      | Reached skill level 5 in Shields
  3460 | D:5      | Reached XP level 8. HP: 58/72 MP: 5/5
  3538 | D:5      | Reached skill level 8 in Axes
  4339 | D:6      | Reached skill level 9 in Axes
  4450 | D:6      | Found a staircase to the Ecumenical Temple.
  4466 | D:6      | Reached skill level 5 in Fighting
  4466 | D:6      | Gained mutation: You passively map the area around you.
                  | [Deep Dwarf growth]
  4466 | D:6      | Reached XP level 9. HP: 8/81 MP: 6/6
  4472 | Temple   | Entered the Ecumenical Temple
  4615 | Temple   | Became a worshipper of Makhleb the Destroyer
  4749 | D:6      | Identified the ring of Wikh {rElec rPois rC- rN+++ Int+2}
  4886 | D:6      | Reached skill level 10 in Axes
  5072 | D:6      | Found Onoblufi's Distillery.
  5082 | D:6      | Got the Volume of the Rocks
  5169 | D:6      | Bought a potion of heal wounds for 60 gold pieces
  5169 | D:6      | Bought a potion of heal wounds for 60 gold pieces
  5233 | D:7      | Noticed Prince Ribbit
  5257 | D:7      | Killed Prince Ribbit
  5304 | D:7      | Noticed Menkaure
  5384 | D:7      | Reached * piety under Makhleb
  5388 | D:7      | Killed Menkaure
  5457 | D:7      | Identified the +11 mace "Jioloqe" {flame, Str+4}
  5549 | D:7      | Reached skill level 11 in Axes
  5635 | D:7      | Reached skill level 1 in Invocations
  6081 | D:8      | Reached XP level 10. HP: 19/88 MP: 6/6
  6222 | D:8      | Found Nibuiropp's Antique Weapon Boutique.
  6330 | D:8      | Noticed a two-headed ogre
  6338 | D:8      | Slain by a two-headed ogre

Illustrated notes

Levels and vault maps discovered:
D:1:      elethiomel_arrival_fortress_basement, layout_loops_ring, serial_shops,
          nicolae_shop_statue_plus
D:2:      layout_basic
D:3:      layout_basic, uniq_natasha, uniq_grinder
D:4:      layout_layer_cave, chequers_temple_overflow_statue_of_worship
D:5:      layout_loops_corners, serial_undead, serial_undead_b, serial_undead_e,
          serial_undead_f, serial_undead_c, minmay_checkerbox
D:6:      layout_basic, minmay_temple_entry_arrows, serial_shops,
          nicolae_inconvenience_store, minivault_11
D:7:      layout_loops_ring, uniq_prince_ribbit1, uniq_menkaure
D:8:      layout_gridville, minmay_misc_feat_encased, nicolae_take_the_stairs,
          kb_lookout_dungeons_type, dk_noncrumbling_2, uniq_harold
Temple:   mainiacjoe_temple_big_plus

Skill      XL: |  1  2  3  4  5  6  7  8  9 10 |
---------------+-------------------------------+-----
Fighting       | 3 4 5 6 |  6.0
Axes           | 3 4 5 6 7 9 11 | 11.4
Armour         | 4 5 6 7 |  7.7
Shields        | 4 5 6 |  6.4
Unarmed Combat | 1 |  1.2
Maces & Flails | 1 |  1.0
Invocations    | 2 |  2.5

Action                   |  1- 3 |  4- 6 |  7- 9 | 10-12 || total
-------------------------+-------+-------+-------+-------++-------
Melee: War axe           |   123 |    86 |   339 |    33 ||   581
       Unarmed           |     3 |     7 |       |       ||    10
       Morningstar       |       |     3 |       |       ||     3
 Abil: Heal Wounds       |     1 |     2 |    12 |     2 ||    17
  Use: Potion            |       |       |     2 |       ||     2
       Scroll            |       |       |     1 |       ||     1
Armor: Scale mail        |    57 |    16 |       |       ||    73
       Skin              |       |     1 |    22 |       ||    23
       Plate armour      |       |    12 |   240 |    14 ||   266
       Chain mail        |       |    12 |       |       ||    12
Dodge: Dodged            |    70 |    33 |    94 |    10 ||   207
Block: Buckler           |    37 |    24 |    96 |     9 ||   166
